 Dungeon Crawl Stone Soup version 0.30-a0-782-ge64f9170bb (webtiles) character file.

Game seed: 2789342756551233017

6739 Barriton the Grappler (level 10, -3/78 HPs)
             Began as a Pale Draconian Transmuter on Mar 6, 2023.
             Was a High Priest of Okawaru.
             Slain by a large abomination (27 damage)
             ... on level 3 of the Abyss.
             The game lasted 00:18:56 (10330 turns).

Barriton the Grappler (Pale Draconian Transmuter)  Turns: 10330, Time: 00:18:57

Health: -3/78      AC: 12    Str: 21    XL:     10   Next: 75%
Magic:  21/21      EV: 14    Int: 13    God:    Okawaru [*****.]
Gold:   447        SH:  0    Dex: 14    Spells: 21/24 levels left

rFire   . . .      SeeInvis +      - Unarmed
rCold   . . .      Faith    .    (no shield)
rNeg    + . .      Spirit   .    (body armour unavailable)
rPois   .          Reflect  .    (helmet currently unavailable)
rElec   .          Harm     .    F - +2 cloak of Juycetege {SInv}
rCorr   .          Rampage  .    j - +1 Delatra's gloves {ID++}
Will    .....                    (boots currently unavailable)
Stlth   ++                       h - amulet of magic regeneration
HPRegen 0.33/turn                r - +6 ring of strength
MPRegen 0.57/turn                i - ring of positive energy

@: appendages, wereblooded
A: horns 2, talons 2, breathe steam, AC +7, unfitting armour, cold-blooded,
steam resistance
a: Breathe Steam, End Transformation, Renounce Religion, Heroism, Finesse, Duel


You were on level 3 of the Abyss.
You worshipped Okawaru.
Okawaru was extremely pleased with you.
You had temporarily grown beastly horns and talons.
You visited 1 branch of the dungeon, and saw 10 of its levels.
You visited the Abyss 1 time.

You collected 447 gold pieces.

Inventory:

Armour
 j - the +1 Delatra's gloves (worn) {ID++}
   (You found it on level 2 of the Dungeon)

   ID++:      It heals its wearer when they drink unknown potions, and restores
   their MP when they read unknown scrolls.
 C - a +0 pair of boots
 F - the +2 cloak of Juycetege (worn) {SInv}
   (Okawaru gifted it to you on level 10 of the Dungeon)

   SInv:      It lets you see invisible.
Magical Staves
 b - a staff of fire
Jewellery
 h - an amulet of magic regeneration (around neck)
 i - a ring of positive energy (right hand)
 r - a +6 ring of strength (left hand)
 t - a ring of poison resistance
 B - a ring of see invisible
Wands
 a - a wand of flame (43)
 q - a wand of polymorph (8)
 s - a wand of quicksilver (14)
 y - a wand of roots (13)
Scrolls
 c - a scroll of noise
 g - 2 scrolls of enchant weapon
 l - 6 scrolls of teleportation
 n - a scroll of blinking
 w - 2 scrolls of amnesia
 D - a scroll of fog
 E - a scroll of magic mapping
Potions
 d - a potion of mutation {unknown}
 e - 3 potions of flight
 f - 2 potions of cancellation
 k - a potion of resistance
 m - 3 potions of might
 o - 3 potions of attraction
 p - 2 potions of berserk rage {unknown}
 u - a potion of haste {unknown}
 x - a potion of curing {unknown}
 z - a potion of brilliance {unknown}
 A - a potion of ambrosia {unknown}


   Skills:
 + Level 4.1 Fighting
 + Level 5.9 Dodging
 + Level 3.5 Stealth
 + Level 10.0 Unarmed Combat
 + Level 7.6 Spellcasting
 + Level 7.5 Transmutations


You had 21 spell levels left.
You knew the following spells:

 Your Spells              Type           Power      Damage    Failure   Level
a - Beastly Appendage     Tmut           48%        N/A       1%          1
b - Wereblood             Tmut           24%        N/A       1%          2

Your spell library contained the following spells:

 Spells                   Type           Power      Damage    Failure   Level
 Spider Form              Tmut/Pois      14%        N/A       10%         3
 Apportation              Tloc           8%         N/A       14%         1
 Static Discharge         Conj/Air       8%         2-3/arc   22%         2
 Ice Form                 Ice/Tmut       14%        N/A       30%         4
 Dazzling Flash           Conj/Hex       8%         N/A       41%         3
 Kindle Blastsparks       Fire/Tloc/Air  8%         2d10      41%         3
 Vhi's Electric Charge    Tloc/Air       8%         N/A       41%         3
 Alistair's Intoxication  Tmut/Pois      9%         N/A       65%         5
 Fulminant Prism          Conj/Hex       2%         3d5       82%         4
 Iskenderun's Mystic Bla  Conj/Tloc      4%         2d3       82%         4
 Agony                    Necr           4%         N/A       99%         5
 Arcjolt                  Conj/Air       2%         1d12      99%         5
 Lee's Rapid Deconstruct  Erth           2%         3d4*      99%         5
 Lightning Bolt           Conj/Air       2%         1d13      99%         5
 Silence                  Hex/Air        2%         N/A       99%         5


Dungeon Overview and Level Annotations

Branches:
Dungeon (10/15)            Temple (0/1) D:6
   Lair: D:8-11         Orc: D:9-12

Altars:
Ashenzari
Cheibriados
Fedhas
Gozag
Hepliaklqana
Kikubaaqudgha
Nemelex Xobeh
Okawaru
Ru
Xom
Zin

Shops:
D:5 [   D:8 [   D:10 [

Annotations:
D:7 2 transporters, ma3's ghost, novice GnWn


Innate Abilities, Weirdness & Mutations

You have temporarily grown beastly horns and talons.
You can breathe blasts of scalding, opaque steam.
Your pale cyan-grey scales are hard. (AC +7)
You cannot fit into any form of body armour.
You are cold-blooded and may be slowed by cold attacks.
You are immune to the effects of steam.


Message History

A large abomination bursts from nowhere.
Casting: Beastly Appendage (safe; 1% risk of failure)
Confirm with . or Enter, or press ? or * to list all spells.
You grow a pair of large bovine horns.
Your feet morph into talons.
Casting: Beastly Appendage (safe; 1% risk of failure)
Confirm with . or Enter, or press ? or * to list all spells.
Your blood is infused with primal strength.
You hit the large abomination but do no damage.
You headbutt the large abomination!
The large abomination is moderately damaged.
The large abomination hits you!!
You punch the large abomination!
You claw the large abomination, but do no damage.
You punch the large abomination, but do no damage.
The large abomination is heavily damaged.
The large abomination hits you!!
You are too injured to fight recklessly!
You are too injured to fight recklessly!
You punch the large abomination! You punch the large abomination.
The large abomination is severely damaged.
The large abomination hits you!
You hit the large abomination but do no damage.
Your kick misses the large abomination. You headbutt the large abomination!
You tail-slap the large abomination, but do no damage.
The large abomination is almost destroyed.
You hit the large abomination but do no damage.
Your tail-slap misses the large abomination.
The large abomination is almost destroyed.
The large abomination hits you!
You hit the large abomination but do no damage.
The large abomination is almost destroyed.
The large abomination closely misses you.
You hit the large abomination but do no damage.
Your kick misses the large abomination.
Your headbutt misses the large abomination.
You tail-slap the large abomination.
Your punch misses the large abomination.
The large abomination is almost destroyed.
The large abomination hits you!!
You die...

....... ... .
....... #.....
......# .#.....
....#.# ...#....
...#.# . .##..##
.......
#.#......##X.#...#
.#.... ..#@......#
... .#..#....#...#
....#....##.#....#
.........# #.....#
........## #....#
. ......# .#...
........# . ..
......... .. ....
..#


You could see a large abomination.

Vanquished Creatures
  A two-headed ogre (D:9)
  Joseph (D:7)
  An unseen horror (D:9)
  Prince Ribbit (D:7)
  A wyvern (D:7)
  7 yaks (D:9)
  3 steam dragons
  Menkaure (D:4)
  Edmund (D:4)
  2 water moccasins (D:5)
  A sky beast (D:7)
  An orc warrior (D:7)
  A black bear (D:5)
  2 centaurs
  8 ogres
  A phantom (D:4)
  6 bullfrogs (D:7)
  A kobold brigand (D:7)
  2 gnoll sergeants (D:7)
  4 scorpions
  3 wights (D:7)
  2 howler monkeys
  3 jellies
  4 orc priests
  3 hounds
  2 gnoll boudas
  Ijyb (D:3)
  Jessica (D:3)
  3 iguanas
  Natasha (thrice) (D:3)
  9 orc wizards
  A mummy (D:6)
  9 adders
  15 gnolls
  2 shadow imps
  3 white imps
  An ufetubus (D:6)
  A worm (D:3)
  5 dart slugs
  30 orcs
  8 endoplasms
  A giant cockroach (D:3)
  5 goblins
  6 hobgoblins
  15 kobolds
  5 quokkas
  6 ball pythons
  3 bats
  5 frilled lizards
  8 rats
209 creatures vanquished.

Notes
Turn   | Place    | Note
-------+----------+-------------------------------------------
     0 | D:1      | Barriton the Draconian Transmuter began the quest for the
                  | Orb.
     0 | D:1      | Reached XP level 1. HP: 16/16 MP: 3/3
    59 | D:1      | Found a faded altar of an unknown god.
   163 | D:1      | Prayed at the altar of an unknown god.
   163 | D:1      | Became a worshipper of Warmaster Okawaru
   163 | D:1      | Reached * piety under Okawaru
   309 | D:1      | Reached XP level 2. HP: 22/23 MP: 3/5
   368 | D:1      | Learned a level 2 spell: Wereblood
  1084 | D:2      | Reached XP level 3. HP: 25/28 MP: 4/6
  1349 | D:2      | Found the +1 Delatra's gloves {ID++}
  1359 | D:2      | Reached XP level 4. HP: 33/35 MP: 4/7
  1737 | D:3      | Noticed Ijyb
  1783 | D:3      | Killed Ijyb
  1987 | D:3      | Noticed Jessica
  1993 | D:3      | Killed Jessica
  1994 | D:3      | Reached skill level 1 in Stealth
  1994 | D:3      | Reached XP level 5. HP: 40/40 MP: 9/9
  2069 | D:3      | Reached skill level 4 in Unarmed Combat
  2390 | D:3      | Found a sparkling altar of Nemelex Xobeh.
  2422 | D:3      | Noticed Natasha
  2437 | D:3      | Killed Natasha
  2463 | D:3      | Noticed Natasha
  2490 | D:3      | Killed Natasha
  2490 | D:3      | Reached ** piety under Okawaru
  2554 | D:3      | Noticed Natasha
  2562 | D:3      | Killed Natasha
  2563 | D:3      | Reached XP level 6. HP: 30/47 MP: 11/11
  2728 | D:3      | Found a hazy altar of Hepliaklqana.
  3233 | D:4      | Noticed Menkaure
  3242 | D:4      | Killed Menkaure
  3245 | D:4      | Reached skill level 5 in Unarmed Combat
  3374 | D:4      | Noticed Edmund
  3391 | D:4      | Killed Edmund
  3392 | D:4      | Your scales start taking on a pale cyan-grey colour.
  3392 | D:4      | Reached XP level 7. HP: 12/51 MP: 11/13
  3392 | D:4      | Gained mutation: You are immune to the effects of steam.
                  | [Pale Draconian growth]
  4177 | D:5      | Entered Level 5 of the Dungeon
  4219 | D:5      | Reached skill level 6 in Unarmed Combat
  4497 | D:5      | Reached XP level 8. HP: 34/61 MP: 14/14
  4610 | D:5      | Reached *** piety under Okawaru
  4952 | D:5      | Found Ystawn's Antique Armour Emporium.
  5246 | D:5      | Reached skill level 5 in Spellcasting
  5533 | D:6      | Found a sacrificial altar of Ru.
  5550 | D:6      | Found a staircase to the Ecumenical Temple.
  5691 | D:6      | Reached skill level 5 in Transmutations
  5731 | D:6      | Reached skill level 7 in Unarmed Combat
  5924 | D:6      | Found a shimmering altar of Xom.
  6193 | D:6      | Found a snail-covered altar of Cheibriados.
  6387 | D:7      | Found a transporter.
  6431 | D:7      | Found a glowing silver altar of Zin.
  6443 | D:7      | Found an opulent altar of Gozag.
  6459 | D:7      | Found a blossoming altar of Fedhas.
  6460 | D:7      | Found an ancient bone altar of Kikubaaqudgha.
  6480 | D:7      | Found a transporter.
  6531 | D:7      | Noticed ma3's ghost (novice GnWn)
  6538 | D:7      | Reached **** piety under Okawaru
  6539 | D:7      | Reached XP level 9. HP: 68/68 MP: 17/17
  6758 | D:7      | Noticed Joseph
  6775 | D:7      | Killed Joseph
  6968 | D:7      | Received a gift from Okawaru
  7126 | D:7      | HP: 3/68 [orc/+3 dagger (3)]
  7320 | D:7      | Found a broken altar of Ashenzari.
  7335 | D:7      | Reached skill level 5 in Dodging
  7339 | D:7      | Reached skill level 8 in Unarmed Combat
  7498 | D:7      | Identified the +2 long sword "Noaxi" {holy, rPois Will-
                  | Str+3 Stlth+}
  7773 | D:7      | Noticed Prince Ribbit
  7783 | D:7      | Killed Prince Ribbit
  7783 | D:7      | Reached ***** piety under Okawaru
  8052 | D:8      | Found Wijueclis's Antique Armour Shop.
  8691 | D:8      | Reached XP level 10. HP: 69/77 MP: 17/20
  9141 | D:9      | Noticed a two-headed ogre
  9157 | D:9      | Killed a two-headed ogre
  9225 | D:9      | Reached skill level 9 in Unarmed Combat
 10162 | D:10     | Entered Level 10 of the Dungeon
 10162 | D:10     | Found Raeclu's Armour Shop.
 10179 | D:10     | Identified the +2 cloak of Juycetege {SInv} (Okawaru gifted
                  | it to you on level 10 of the Dungeon)
 10179 | D:10     | Received a gift from Okawaru
 10180 | D:10     | Reached skill level 10 in Unarmed Combat
 10231 | D:10     | Noticed a wizard
 10234 | D:10     | Noticed a wizard
 10247 | Abyss:2  | Found a corrupted altar of Lugonu.
 10247 | Abyss:2  | Cast into level 2 of the Abyss (a wizard)
 10288 | Abyss:2  | Found a corrupted altar of Lugonu.
 10330 | Abyss:3  | Slain by a large abomination

Illustrated notes

Levels and vault maps discovered:
D:1:      scummos_arrival_hexagon, layout_basic,
          shapermc_ecumenical_altar_pompeii, roderic_roman_lattice, st_stairs_7
D:2:      layout_rooms, pf_guarded_unrand_delatra
D:3:      layout_loops_ring, nemelex_xobeh_ov_fountains_minmay,
          nzn_hepliaklqana_mist_gate, minmay_pentangle, uniq_ijyb, uniq_natasha,
          uniq_jessica
D:4:      layout_loops_ring, uniq_menkaure, uniq_edmund
D:5:      layout_cave_pods, serial_shops, shop_statue
D:6:      layout_gridville, slow_altar_2, mainiacjoe_overflow_boulevard,
          nicolae_ru_sacrificial_ziggurat, temple_green
D:7:      kennysheep_spiral_hall, layout_loops_corners,
          mainiacjoe_overflow_cross_hatched, lemuel_crystal_altar,
          gammafunk_temple_overflow_forgotten, gammafunk_ghost_stat_death,
          minivault_19, uniq_joseph, uniq_prince_ribbit1
D:8:      layout_layer_cave, serial_shops, shop
D:9:      lemuel_ogre_cave, layout_grid_maze, uniq_grum
D:10:     cheibrodos_wizards_tower, layout_basic, lemuel_round_altar,
          lair_entry_dummy, serial_shops, nicolae_stop_n_shop_1
Abyss:3:  base: D:9, gammafunk_abyss_exit_x_factor

Skill      XL: |  1  2  3  4  5  6  7  8  9 10 |
---------------+-------------------------------+-----
Dodging        | 2 3 4 5 |  5.9
Stealth        | 1 2 3 |  3.5
Spellcasting   | 3 4 5 6 7 |  7.6
Unarmed Combat | 4 5 6 7 8 10 | 10.0
Transmutations | 3 4 5 6 7 |  7.5
Fighting       | 2 3 4 |  4.1

Action                     |  1- 3 |  4- 6 |  7- 9 | 10-12 || total
---------------------------+-------+-------+-------+-------++-------
  Melee: Unarmed           |    69 |   218 |   333 |   117 ||   737
         Kick              |    16 |    34 |    93 |    43 ||   186
         Headbutt          |     9 |    22 |    52 |    27 ||   110
         Tailslap          |     2 |    28 |    33 |    22 ||    85
         Punch             |       |     4 |    10 |     9 ||    23
   Cast: Beastly Appendage |    26 |    25 |    53 |    10 ||   114
         Wereblood         |     1 |    13 |    26 |     9 ||    49
Ability: Breathe Steam     |       |       |     1 |       ||     1
    Use: Scroll            |     5 |     4 |     8 |     1 ||    18
         Potion            |     1 |     2 |     3 |       ||     6
   Stab: Sleeping          |     2 |       |     4 |     1 ||     7
         Distracted        |       |       |     1 |       ||     1
 Armour: Skin              |    13 |    79 |   118 |    41 ||   251
  Dodge: Dodged            |    38 |    96 |   233 |    72 ||   439

Table legend: (Time is in decaauts)
 A = Elapsed time spent in this place.
 B = Non-inter-level travel time spent in this place.
 C = Inter-level travel time spent in this place.
 D = Time resting spent in this place.
 E = Time spent auto-exploring this place.
 F = Levels seen in this place.
 G = Mean time per level.
                   A        B        C        D        E       F      G
               +--------+--------+--------+--------+--------+-----+--------+
         Total |  10268 |   9834 |    434 |      0 |   8202 |  12 |  855.7 |
       Dungeon |  10186 |   9752 |    434 |      0 |   8157 |  10 | 1018.6 |
         Abyss |     81 |     81 |      0 |      0 |     44 |   2 |   40.5 |
               +--------+--------+--------+--------+--------+-----+--------+

Top non-repeatable levels by time:
     D:7: 1672 daAuts
     D:3: 1573 daAuts
     D:5: 1266 daAuts
     D:8: 1161 daAuts
     D:9: 1026 daAuts
     D:1: 964 daAuts
     D:4: 942 daAuts
     D:6: 802 daAuts
     D:2: 696 daAuts
    D:10: 81 daAuts
 Abyss:2: 68 daAuts
 Abyss:3: 13 daAuts
